Unix NetHack Version 5.0.0-0 post-release - last build May 30 2026 05:04:26 (55804bc15828dd6e32e9076e0726aa6fccb6e981,branch:main).

Game began 2026-05-31 03:01:35, ended 2026-05-31 03:46:29.

Eldrich, lawful male human Archeologist

                             ---------------                   ---------
                             |>............|    -------        |.......|
            ------------     |.............|    |.....-########........|
            |...........#    |.............|    |.....|        |.......|
            |..........|#   #....).........|    |.....|        |.......|
            |..........|#   #---------.-----    |.....|        |.._....|
            ------.-----q   ##        ##        --.----        -----.---
                ###    @#    #         ##         #                 #
            #####      e     #          #       ###                 ##
            #          #-----#          ###########                  #
            #          #|...|#                ### ###                #
            #          #....|#           -----|-----.---             ##
      ------|------     |...|[           |.............|             -.-------
      |...........|     |...)#           |.............|             |.<...(.|
      |)))))))))).|     |..[|            |.............|             |.......|
      |)))))))))[)|     -----            |.............|             |.......|
      |)))))))))).|                      ---------------             |.......|
      -------------                                                  ---------

Eldrich the Field Worker   St:15 Dx:11 Co:15 In:17 Wi:15 Ch:9  Lawful
Dlvl:5  $:1076 HP:0(39) Pw:21(21) AC:4  Xp:4 T:2985 

Latest messages:
 You have no secondary weapon readied.
 You do not owe Vergt anything.
 You do not owe Vergt anything.
 You see here a sling (for sale, 53 zorkmids).
 You do not owe Vergt anything.
 You see here a +0 pick-axe.
 e - a +0 pick-axe.
 You lash the floating eye.
 You lash the floating eye.
 You are frozen by the floating eye's gaze!
 You hear the chime of a cash register.
 It bites the floating eye.
 You hear someone cursing shoplifters.
 You can move again.
 You lash the floating eye.
 You are frozen by the floating eye's gaze!
 You hear some noises.
 You hear some noises in the distance.
 You hear some noises.
 It bites the floating eye.
 You can move again.
 You lash the floating eye.
 You are frozen by the floating eye's gaze!
 The rothe hits!
 The rothe bites!
 The rothe misses!
 The rothe hits!
 The rothe bites!
 The rothe misses!
 The rothe hits!
 The rothe bites!
 The rothe bites again!
 The rothe hits!
 The rothe just misses!
 The rothe bites!
 The rothe hits!
 The rothe bites!
 The rothe misses!
 The rothe hits!
 The rothe bites!
 The rothe just misses!
 The rothe hits!
 The rothe bites!
 The rothe bites again!
 You die...
 Do you want your possessions identified? [ynq] (y) y
 Do you want to see your attributes? [ynq] (y) n
 Do you want an account of creatures vanquished? [ynaq] (y) n
 Do you want to see your conduct and achievements? [ynq] (y) n
 Do you want to see the dungeon overview? [ynq] (y) n

Inventory:
 Coins    ('$')
  $ - 1076 gold pieces
 Weapons  (')')
  a - a +2 bullwhip (weapon in right hand)
  G - the rustproof +2 Ogresmasher
  L - a +0 silver saber
 Armor    ('[')
  q - an uncursed +0 cornuthaum
  c - an uncursed +0 fedora
  x - an uncursed +0 helmet (being worn)
  i - an uncursed +0 pair of leather gloves (being worn)
  M - an uncursed +2 pair of high boots
  t - an uncursed +0 cloak of protection (being worn)
  b - an uncursed +0 leather jacket (being worn)
 Comestibles  ('%')
  d - 4 uncursed food rations
  p - an uncursed fortune cookie
  k - an uncursed lembas wafer
  D - an uncursed tripe ration
 Scrolls  ('?')
  A - 2 uncursed scrolls of identify
 Potions  ('!')
  H - an uncursed potion of blindness
 Wands    ('/')
  n - a wand of secret door detection (0:12)
 Tools    ('(')
  h - an empty uncursed sack
  e - a +0 pick-axe
 Gems/Stones  ('*')
  g - an uncursed touchstone

Eldrich the Archeologist's attributes:

Background:
 You were a Field Worker, a level 4 male human Archeologist.
 You were lawful, on a mission for Quetzalcoatl
 who was opposed by Camaxtli (neutral) and Huhetotl (chaotic).
 You were right-handed.
 You were in the Dungeons of Doom, on level 5.
 You entered the dungeon 2985 turns ago.
 It was nighttime.
 There was a full moon in effect when your adventure ended.
 You had 98 experience points, 62 more were needed to attain level 5.

Basics:
 You had 0 out of 39 hit points.
 You had all 21 energy points (spell power).
 Your armor class was 4.
 Your wallet contained 1076 zorkmids.
 Autopickup was off.

Final Characteristics:
 Your strength was 15 (limit:18/100).
 Your dexterity was 11 (limit:18).
 Your constitution was 15 (limit:18).
 Your intelligence was 17 (limit:18).
 Your wisdom was 15 (limit:18).
 Your charisma was 9 (limit:18).

Final Status:
 You weren't hungry.
 You were unencumbered.
 You were wielding a whip.
 You had basic skill with whip.

Final Attributes:
 You were piously aligned.
 You had automatic searching.
 You were protected.
 You were lucky.
 You are dead.

Miscellaneous:
 You didn't encounter any bones levels.
 Total elapsed playing time was 44 minutes and 52 seconds.

Major events:
 Turn
    1: Eldrich the lawful male human Archeologist entered the dungeon
  575: entered the Gnomish Mines
 1389: attained the rank of Field Worker (level 3)
 1773: was bestowed with Ogresmasher by Quetzalcoatl
 2985: killed by a rothe, while frozen by a floating eye's gaze

Spells:
 Name                 Level Category     Fail Retention
 protection             1   clerical      27%  76%-100%

Skills:
 Fighting Skills
   bare handed combat [Unskilled]
   two weapon combat  [Unskilled]
   riding             [Unskilled]
 Weapon Skills
   dagger             [Unskilled]
   knife              [Unskilled]
   pick-axe           [Basic]
   short sword        [Unskilled]
   saber              [Unskilled]
   club               [Unskilled]
   hammer             [Unskilled]
   quarterstaff       [Unskilled]
   sling              [Unskilled]
   dart               [Unskilled]
   boomerang          [Unskilled]
   whip               [Basic]
   unicorn horn       [Unskilled]
 Spellcasting Skills
   attack spells      [Unskilled]
   healing spells     [Unskilled]
   divination spells  [Unskilled]
   matter spells      [Unskilled]

Voluntary challenges:
 Character rerolling was not enabled.
 You never genocided any monsters.
 You never polymorphed an object.
 You never changed form.
 You used no wishes.
Achievements:
 You entered the Gnomish Mines.
 You entered a shop.
 You attained the rank of Field Worker.

 The Dungeons of Doom: levels 1 to 6
    Level 1:
       Some fountains, a sink.
    Level 2:
       Stairs down to The Gnomish Mines.
    Level 3:
       An armor shop, some fountains.
    Level 4:
       A general store, many altars, a fountain.
    Level 5: <- You were here.
       A weapon shop, an altar.
       Final resting place for
          you, killed by a rothe, while frozen by a floating eye's gaze.
    Level 6:
 The Gnomish Mines:
    Level 3:


Vanquished creatures:
  4 hill orcs
  a rothe
  a giant bat
 an iguana
  3 manes
  2 cave spiders
  a green mold
  a gnome zombie
  6 geckos
  8 jackals
  a fox
  a goblin
  a sewer rat
  4 grid bugs
  6 lichens
  a kobold zombie
  7 newts
49 creatures vanquished.

No species were genocided or became extinct.

Game over:
                       ----------
                      /          \
                     /    REST    \
                    /      IN      \
                   /     PEACE      \
                  /                  \
                  |     Eldrich      |
                  |     1076 Au      |
                  |   killed by a    |
                  |      rothe       |
                  |                  |
                  |                  |
                  |       2026       |
                 *|     *  *  *      | *
        _________)/\\_//(\/(/\)/\//\/|_)_______

Goodbye Eldrich the Archeologist...

You died in The Dungeons of Doom on dungeon level 5 with 1621 points,
and 1076 pieces of gold, after 2985 moves.
You were level 4 with a maximum of 39 hit points when you died.

